 Dungeon Crawl Stone Soup version 0.18.1-48-g4cf74bf (webtiles) character file.

66 Heedrag the Magician (level 3, -1/19 HPs)
             Began as a Deep Elf Conjurer on July 26, 2016.
             Slain by an orc
             ... wielding a +0 hand axe
              (10 damage)
             ... on level 3 of the Dungeon.
             The game lasted 00:03:00 (1425 turns).

Heedrag the Magician (Deep Elf Conjurer)            Turns: 1425, Time: 00:03:00

Health: -1/19      AC: -3    Str:  6    XL:     3   Next: 96%
Magic:  4/12       EV:  8    Int: 19    God:
Gold:   147        SH:  0    Dex: 15    Spells: 2 memorised, 9 levels left

rFire  . . .     SeeInvis .     o - +1 mace (crush)
rCold  . . .     Gourm    .     a - +0 robe
rNeg   . . .     Faith    .     (no shield)
rPois  +         Spirit   .     (no helmet)
rElec  .         Dismiss  .     (no cloak)
rCorr  .         Reflect  .     (no gloves)
SustAt .         Harm     .     (no boots)
MR     .....                    (no amulet)
Stlth  ++........               t - -5 ring of protection (curse)
                                e - ring of poison resistance

@: not resistant to hostile enchantments, unstealthy
A: no striking features
a: no special abilities


You were on level 3 of the Dungeon.
You were not hungry.

You visited 1 branch of the dungeon, and saw 3 of its levels.

You collected 147 gold pieces.

Inventory:

Hand Weapons
 k - a +0 dagger
 o - a +1 mace of crushing (weapon)
Armour
 a - a +0 robe (worn)
Jewellery
 e - a ring of poison resistance (left hand)
 f - an uncursed amulet of guardian spirit
 i - a +2 ring of intelligence
 t - a cursed -5 ring of protection (right hand)
Scrolls
 d - 7 scrolls of identify {unknown}
 h - a scroll of teleportation {unknown}
 j - 2 scrolls of remove curse {unknown}
 q - 2 scrolls of enchant armour {unknown}
 s - 3 scrolls of recharging {unknown}
Potions
 g - 2 potions of degeneration {unknown}
 l - a potion of lignification {unknown}
 n - a potion of agility {unknown}
 r - a potion of mutation {unknown}
 u - a potion of heal wounds {unknown}
Books
 b - a book of Conjurations

   Spells                             Type                      Level
   a - Magic Dart                     Conjuration                  1
   b - Searing Ray                    Conjuration                  2
   c - Dazzling Spray                 Conjuration/Hexes            3
   d - Fulminant Prism                Conjuration/Hexes            4
   e - Iskenderun's Mystic Blast      Conjuration                  4
   f - Iskenderun's Battlesphere      Conjuration/Charms           5
Comestibles
 c - a bread ration
 m - 2 slices of pizza


   Skills:
 - Level 2.4 Dodging
 - Level 2.4 Stealth
 + Level 5.9 Spellcasting
 - Level 4.3 Conjurations


You had 9 spell levels left.
You knew the following spells:

 Your Spells              Type           Power        Failure   Level  Hunger
a - Magic Dart            Conj           ###.         1%          1    None
b - Dazzling Spray        Conj/Hex       ##....       14%         3    ##.....


Dungeon Overview and Level Annotations

Branches:
Dungeon (3/15)

Altars:
The Shining One


Message History

An orc comes inta view.
Castin': Magic Dart Confirm wit' . or Enter, or press ? or * ta list all spells.
Aimin': Magic Dart
Press: ? - help, Shift-Dir - straight line, f/p - worm
Aim: a worm (heavily wounded) Tha magic dart hits tha worm.
Tha worm be severely wounded.
Tha orc wizard shouts!
Tha orc moves outta view.
Tha orc wizard casts a spell.
Tha orc wizard flickers an' vanishes!
Deactivatin' autopickup; reactivate wit' Ctrl-A.
Ye hit tha worm.
Ye kill tha worm!
Tha orc closely misses ye.
Thar be a stone staircase leadin' up, spatt'red wit' blood 'ere.
Tha orc hits ye wit' a hand axe!
Ouch! Tha re'lly hurt!
Ye die...

#.## ... ## #.#
######
###.##.##.†....
............#
#.#...#..#
##.....#.#
#o..o@...#
........o.†.†.....#
.....#..........#..
.... ###.....##.(.#
... ##...## .## ##
##### #


You could see an orc wizard and 2 orcs.

Vanquished Creatures
  3 adders (D:2)
  A worm (D:3)
  A giant gecko (D:1)
  3 bats
  2 bat zombies (D:1)
  A giant cockroach (D:2)
  4 goblins
  5 hobgoblins
  4 jackals (D:2)
  4 kobolds
  3 giant newts
  3 rats
34 creatures vanquished.

Notes
Turn   | Place    | Note
--------------------------------------------------------------
     0 | D:1      | Heedrag the Deep Elf Conjurer began the quest for the Orb.
     0 | D:1      | Reached XP level 1. HP: 10/10 MP: 6/6
   379 | D:1      | Reached skill level 4 in Spellcasting
   379 | D:1      | Reached XP level 2. HP: 13/15 MP: 6/9
   814 | D:2      | Reached XP level 3. HP: 19/19 MP: 8/11
   819 | D:2      | Learned a level 3 spell: Dazzling Spray
   863 | D:2      | Reached skill level 5 in Spellcasting
  1137 | D:2      | Found a glowing golden altar of the Shining One.
  1425 | D:3      | Slain by an orc

Skill      XL: |  1  2  3 |
---------------+----------+-----
Spellcasting   | 4 5 |  5.9
Dodging        | |  2.4
Stealth        | |  2.4
Conjurations   | |  4.3

Action                   || total
-------------------------++-------
Melee: Unarmed           ||     5
       Mace              ||     6
 Cast: Magic Dart        ||    69
 Stab: Sleeping          ||     1
  Eat: Chunk             ||     1
Armor: Robe              ||     2
Dodge: Dodged            ||     9
